 Dungeon Crawl Stone Soup version 0.28.0-1-gb440e238dd (webtiles) character file.

Game seed: 2985262921091426432

2 a3don the Stinger (level 1, 0/9 HPs)
             Began as a Vine Stalker Venom Mage on Feb 21, 2022.
             Slain by a goblin (3 damage)
             ... on level 1 of the Dungeon.
             The game lasted 00:00:12 (22 turns).

a3don the Stinger (Vine Stalker Venom Mage)           Turns: 22, Time: 00:00:13

Health: 0/9        AC:  2    Str: 10    XL:     1   Next: 40%
Magic:  0/4        EV: 12    Int: 15    God:
Gold:   0          SH:  0    Dex: 14    Spells: 3/4 levels left

rFire   . . .      SeeInvis .   (no weapon)
rCold   . . .      Faith    .   (no shield)
rNeg    . . .      Spirit   +   a - +0 robe
rPois   .          Reflect  .   (no helmet)
rElec   .          Harm     .   (no cloak)
rCorr   .          Rampage  .   (no gloves)
Will    .....                   (no boots)
Stlth   ++........              (no amulet)
HPRegen 0.03/turn               (no ring)
MPRegen 0.09/turn               (no ring)

@: no status effects
A: fangs 2, magic shield, antimagic bite, no potion heal 2
a: no special abilities


You were on level 1 of the Dungeon.
You visited 1 branch of the dungeon, and saw 1 of its levels.

Inventory:

Armour
 a - a +0 robe (worn)


   Skills:
 + Level 1.6 Dodging
 + Level 2.5 Stealth
 + Level 2.2 Spellcasting
 + Level 1.0 Transmutations
 + Level 3.0 Poison Magic


You had 3 spell levels left.
You knew the following spells:

 Your Spells              Type           Power      Damage    Failure   Level
a - Sting                 Tmut/Pois      28%        1d4       10%         1

Your spell library contained the following spells:

 Spells                   Type           Power      Damage    Failure   Level
 Poisonous Vapours        Pois/Air       12%        N/A       19%         2
 Mephitic Cloud           Conj/Pois/Air  4%         N/A       41%         3
 Olgreb's Toxic Radiance  Pois           10%        N/A       52%         4


Dungeon Overview and Level Annotations

Branches:
Dungeon (1/15)

Altars:


Innate Abilities, Weirdness & Mutations

You have extremely sharp teeth.
When hurt, damage is shared between your health and your magic reserves.
Your bite disrupts and absorbs the magic of your enemies.
Potions cannot restore your health.


Message History

Confirm with . or Enter, or press ? or * to list all spells.
Aiming: Sting (safe; 10% risk of failure)
Press: ? - help, Shift-Dir - straight line, f/p - ball python
Aim: a ball python (64% to hit)
The sting hits the ball python.
The ball python is poisoned.
You kill the ball python!
The quokka barely misses you.
Casting: Sting (safe; 10% risk of failure)
Confirm with . or Enter, or press ? or * to list all spells.
Aiming: Sting (safe; 10% risk of failure)
Press: ? - help, Shift-Dir - straight line, f - goblin
Aim: a goblin, wielding a +0 dagger (60% to hit)
The sting misses the goblin.
The quokka closely misses you. The goblin hits you but does no damage.
The quokka closely misses you. The quokka closely misses you.
The goblin hits you with a +0 dagger. The quokka bites you.
The quokka bites you.
Casting: Sting (safe; 10% risk of failure)
Confirm with . or Enter, or press ? or * to list all spells.
Aiming: Sting (safe; 10% risk of failure)
Press: ? - help, Shift-Dir - straight line, f/p - goblin
Aim: a goblin, wielding a +0 dagger (60% to hit)
The sting hits the quokka.
The quokka is poisoned.
The quokka is moderately wounded.
The quokka barely misses you.
Unknown command.
Casting: Sting (safe; 10% risk of failure)
Confirm with . or Enter, or press ? or * to list all spells.
You don't have enough magic to cast this spell.
You hit the quokka but do no damage. You bite the quokka.
You kill the quokka!
You hit the goblin.
The goblin is heavily wounded.
The goblin hits you with a +0 dagger.
You hit the goblin but do no damage. Your bite misses the goblin.
The goblin is heavily wounded.
The goblin hits you with a +0 dagger.
You die...

......... .
######......?.##... ..
##............?....#
...#.......######.....#
.......∩....# .....#
............# .....#
.......<....# .....#
.......>....#####.....#
###..⌠...⌠.....g@.....#
#..........##########
##.........#
#........## ##########


You could see a goblin.

Vanquished Creatures
  A ball python (D:1)
  A quokka (D:1)
2 creatures vanquished.

Notes
Turn   | Place    | Note
-------+----------+-------------------------------------------
     0 | D:1      | a3don the Vine Stalker Venom Mage began the quest for the
                  | Orb.
     0 | D:1      | Reached XP level 1. HP: 9/9 MP: 4/4
    22 | D:1      | Slain by a goblin

Illustrated notes

Levels and vault maps discovered:
D:1:      wander_arrival_desolate, layout_basic

Action                   || total
-------------------------++-------
Melee: Unarmed           ||     3
       Bite              ||     1
 Cast: Sting             ||     4
Armor: Robe              ||     1
Dodge: Dodged            ||     5
